 Dungeon Crawl Stone Soup version 0.31-a0-408-gb642c7f9a3 (webtiles) character file.

Game seed: 927918796771169800

620 Pooter the Shooter (level 7, 0/60 HPs)
             Began as a Minotaur Hunter on July 29, 2023.
             Slain by a yak (9 damage)
             ... on level 7 of the Dungeon.
             The game lasted 00:15:34 (3837 turns).

Pooter the Shooter (Minotaur Hunter)                Turns: 3837, Time: 00:15:34

Health: 0/60       AC: 10    Str: 18    XL:     7   Next: 22%
Magic:  6/6        EV:  5    Int:  6    God:
Gold:   352        SH:  0    Dex: 13    Spells: 6/6 levels left

rFire   . . .        b - +0 shortbow
rCold   . . .        (shield currently unavailable)
rNeg    . . .        r - +0 plate armour
rPois   .            (helmet restricted)
rElec   .            o - scarf {harm}
rCorr   .            (no gloves)
SInv    .            (no boots)
Will    .....        (no amulet) Stlth
                     (no ring)
HPRegen 0.30/turn    (no ring)
MPRegen 0.10/turn

%: harm (+30% outgoing, +20% incoming)
@: no status effects
A: horns 2, retaliatory headbutt
a: no special abilities


You were on level 7 of the Dungeon.
You visited 1 branch of the dungeon, and saw 7 of its levels.

You collected 352 gold pieces.

Inventory:

Hand Weapons
 a - a +4 war axe of protection
   (You found it on level 2 of the Dungeon)
 b - a +0 shortbow (weapon)
 q - a +0 trident
   (You took it off an orc on level 3 of the Dungeon)
 u - a +0 morningstar
   (You took it off an orc on level 4 of the Dungeon)
Missiles
 c - 5 boomerangs
 Q - 25 stones
Armour
 o - a scarf of harm (worn)
   (You found it on level 3 of the Dungeon)
 r - a +0 plate armour (worn)
   (You found it on level 3 of the Dungeon)
Jewellery
 m - a +4 ring of protection
   (You took it off an orc on level 3 of the Dungeon)
Wands
 d - a wand of mindburst (24)
   (You found it on level 7 of the Dungeon)
Scrolls
 f - a scroll of butterflies
 j - a scroll of noise {!r}
 k - a scroll of immolation {!r}
 p - a scroll of fear
Potions
 e - 4 potions of curing {@q1}
 g - 2 potions of enlightenment {unknown}
 i - 2 potions of resistance {unknown}
 l - a potion of mutation {unknown}
 n - 4 potions of heal wounds {@q2}
 s - a potion of haste {unknown}
 v - 3 potions of might {unknown}


   Skills:
 + Level 4.8 Fighting
 * Level 5.3 Axes
 * Level 7.2 Ranged Weapons
 - Level 2.1 Dodging
 - Level 0.7 Stealth


You had 6 spell levels left.
You didn't know any spells.
Your spell library contained the following spells:

 Spells                   Type           Power      Damage    Failure   Level
 Portal Projectile        Hex/Tloc       0%         N/A       100%        3
 Tukima's Dance           Hex            0%         N/A       100%        3
 Iskenderun's Mystic Bla  Conj/Tloc      0%         2d3       100%        4


Dungeon Overview and Level Annotations

Branches:
Dungeon (8/15) Zot: 26966
 Temple: D:4-7         Lair: D:8-11

Altars:
Makhleb
Xom


Innate Abilities, Weirdness & Mutations

You have a pair of horns on your head.
You reflexively headbutt those who attack you in melee.


Message History

There is a stone staircase leading up here.
You climb upwards.
The hound barks!
There is a stone staircase leading down here.
You shoot an arrow. The arrow hits the hound!
You shoot an arrow. The arrow barely misses the hound.
The hound completely misses you.
Your +3 war axe of protection hums with potential!
a - a +3 war axe of protection (weapon)
You barely miss the hound. The hound barely misses you.
The hound bites you but does no damage.
You hit the hound.
Your weapon exudes an aura of protection.
You headbutt the hound.
You kill the hound!
Blink to where?
Press: ? - help, Dir - move target
As you read the scroll labelled YPPYAMM YDOBUGG, it crumbles to dust.
It was a scroll of blinking.
Your +3 war axe of protection goes still.
b - a +0 shortbow (weapon)
As you read the scroll of enchant weapon, it crumbles to dust.
Your +3 war axe of protection glows red for a moment.
You see here a hound corpse.
Found an encrusted ivory wand.
Found a fuming amethyst potion.
A yak comes into view.
The yak bellows!
You hear a bellow! x2
A yak comes into view.
You see here a wand of mindburst (24).
d - a wand of mindburst (24)
A yak comes into view.
It was a potion of curing.
You feel better. The yak gores you but does no damage.
The yak attacks as you move away! The yak gores you.
An orc comes into view. It is wielding a +0 whip.
The orc shouts!
A yak comes into view.
The yak gores you! The yak gores you but does no damage.
The yak attacks as you move away! The yak gores you.
The yak attacks as you move away! The yak gores you!
* * * LOW HITPOINT WARNING * * *
The yak attacks as you move away! The yak gores you!
* * * LOW HITPOINT WARNING * * *
Found a dark potion.
The teleport trap disappears.
The orc disappears!
The yak attacks as you move away! The yak gores you.
* * * LOW HITPOINT WARNING * * *
The yak attacks as you move away! The yak gores you!
You die...

.... .....# ....
.....# #... ....#
##.!. .Y..+ #..o#
#...#
#...####+##...#
#.....Y.......#
##..Y..Y......#
##.@Y!........#
#...##...##...#
#...##...##...#
######...........##
##...##...........#
#......†>#######....
#........# #o...
#.........+ ....
#.........# ..


You could see 4 yaks and an orc.

Vanquished Creatures
  A black bear (D:5)
  A centaur (D:4)
  2 scorpions
  A howler monkey (D:4)
  A crimson imp (D:4)
  2 hounds
  An orc priest (D:4)
  2 iguanas (D:5)
  An orc wizard (D:3)
  An adder (D:3)
  An ufetubus (D:4)
  A worm (D:2)
  4 dart slugs
  7 orcs
  5 endoplasms
  3 giant cockroaches (D:3)
  7 goblins
  9 hobgoblins
  6 jackals
  A quokka (D:3)
  8 ball pythons
  2 bats
  2 kobolds (D:1)
  5 rats
74 creatures vanquished.

Notes
Turn   | Place    | Note
-------+----------+-------------------------------------------
     0 | D:1      | Pooter the Minotaur Hunter began the quest for the Orb.
     0 | D:1      | Reached XP level 1. HP: 18/18 MP: 0/0
   182 | D:1      | Reached XP level 2. HP: 25/25 MP: 1/1
   521 | D:1      | Found a faded altar of an unknown god.
   701 | D:1      | Reached skill level 5 in Ranged Weapons
   991 | D:2      | Reached XP level 3. HP: 31/31 MP: 2/2
  1433 | D:2      | Reached skill level 1 in Axes
  1730 | D:3      | Noticed a scorpion
  1740 | D:3      | Killed a scorpion
  1741 | D:3      | Reached XP level 4. HP: 17/39 MP: 3/3
  1925 | D:3      | Reached XP level 5. HP: 37/46 MP: 4/4
  2652 | D:4      | Noticed a centaur
  2661 | D:4      | Killed a centaur
  2662 | D:4      | Reached skill level 6 in Ranged Weapons
  2750 | D:4      | Reached XP level 6. HP: 40/52 MP: 5/5
  2935 | D:4      | Found a burning altar of Makhleb.
  2935 | D:4      | Found a shimmering altar of Xom.
  3185 | D:5      | Entered Level 5 of the Dungeon
  3530 | D:5      | Reached skill level 5 in Axes
  3530 | D:5      | Reached skill level 7 in Ranged Weapons
  3530 | D:5      | Reached XP level 7. HP: 52/60 MP: 6/6
  3688 | D:5      | You fall into a shaft and drop 3 floors!
  3825 | D:7      | Noticed a yak
  3825 | D:7      | Noticed a yak
  3826 | D:7      | Noticed a yak
  3830 | D:7      | Noticed a yak
  3837 | D:7      | Slain by a yak

Illustrated notes

Levels and vault maps discovered:
D:1:      psy_arrival_fountain, layout_basic,
          shapermc_ecumenical_altar_mp_vishouse
D:2:      layout_loops_corners, minivault_26
D:3:      layout_basic, small_statue_intersection, kennysheep_generic_room_16
D:4:      layout_rooms, grunt_temple_overflow_champion_of_chaos
D:5:      layout_cave_pools, chequers_serial_rivers_room_b,
          chequers_serial_rivers_room_a, minmay_crystal_water
D:7:      layout_gridville, uniq_prince_ribbit1
D:8:      layout_cave_pools, nicolae_overflow_quartered_altars, uniq_gastronok

Skill      XL: |  1  2  3  4  5  6 |
---------------+-------------------+-----
Fighting       | 3 4 |  4.8
Ranged Weapons | 5 6 7 |  7.2
Axes           | 2 3 5 |  5.3
Dodging        | |  2.1
Stealth        | |  0.7

Action                     |  1- 3 |  4- 6 |  7- 9 || total
---------------------------+-------+-------+-------++-------
  Melee: Headbutt          |     4 |    13 |     1 ||    18
         Dagger            |     1 |       |       ||     1
         War axe           |    19 |    71 |     4 ||    94
         Shortbow          |       |     2 |       ||     2
         Punch             |       |     2 |       ||     2
   Fire: Shortbow          |    71 |    73 |     2 ||   146
    Use: Scroll            |     2 |     5 |     4 ||    11
         Potion            |       |       |     1 ||     1
 Armour: Leather armour    |     6 |       |       ||     6
         Ring mail         |     1 |     8 |       ||     9
         Plate armour      |       |    72 |     3 ||    75
         Chain mail        |       |     8 |       ||     8
  Dodge: Dodged            |    24 |    50 |     2 ||    76

Table legend: (Time is in decaauts)
 A = Elapsed time spent in this place.
 B = Non-inter-level travel time spent in this place.
 C = Inter-level travel time spent in this place.
 D = Time resting spent in this place.
 E = Time spent auto-exploring this place.
 F = Levels seen in this place.
 G = Mean time per level.
                   A        B        C        D        E       F      G
               +--------+--------+--------+--------+--------+-----+--------+
         Total |   3900 |   3833 |     67 |    998 |   2097 |   7 |  557.1 |
       Dungeon |   3900 |   3833 |     67 |    998 |   2097 |   7 |  557.1 |
               +--------+--------+--------+--------+--------+-----+--------+

Top non-repeatable levels by time:
     D:4: 1010 daAuts
     D:2: 907 daAuts
     D:3: 790 daAuts
     D:1: 766 daAuts
     D:5: 276 daAuts
     D:8: 115 daAuts
     D:7: 33 daAuts
